 Dungeon Crawl Stone Soup version 0.29.1-1-gd02db69 (webtiles) character file.

Game seed: 8996171354895723685

2116 Jonnyslop the Cleaver (level 9, -1/83 HPs)
             Began as a Hill Orc Fighter on Feb 1, 2023.
             Was a Believer of Okawaru.
             Slain by a gnoll
             ... wielding a +0 whip
             ... led by a gnoll bouda
              (4 damage)
             ... on level 6 of the Dungeon.
             The game lasted 00:11:43 (8299 turns).

Jonnyslop the Cleaver (Hill Orc Fighter)            Turns: 8299, Time: 00:11:44

Health: -1/83      AC: 10    Str: 27    XL:     9   Next: 29%
Magic:  18/18      EV:  9    Int: 11    God:    Okawaru [**....]
Gold:   484        SH:  5    Dex: 13    Spells: 8/8 levels left

rFire   . . .      SeeInvis .   a - +0 war axe (spect)
rCold   . . .      Faith    .   c - +1 buckler
rNeg    + . .      Spirit   .   q - +1 scale mail "Hoick" {MP+9 Str+4 Dex+3}
rPois   .          Reflect  .   y - +0 helmet {Int+3}
rElec   .          Harm     .   (no cloak)
rCorr   .          Rampage  .   (no gloves)
Will    .....                   A - +0 pair of boots
Stlth   ..........              (no amulet)
HPRegen 0.23/turn               j - ring of positive energy
MPRegen 0.16/turn               r - ring of flight

@: mighty, flying
A: no striking features
a: Renounce Religion, Heroism


You were on level 6 of the Dungeon.
You worshipped Okawaru.
Okawaru was pleased with you.
You visited 2 branches of the dungeon, and saw 8 of its levels.
You also visited: Sewer.

You collected 484 gold pieces.

Inventory:

Hand Weapons
 a - a +0 spectral war axe (weapon)
Missiles
 o - 13 poisoned darts (quivered)
 t - 3 javelins
Armour
 c - a +1 buckler (worn)
 q - the +1 scale mail "Hoick" (worn) {MP+9 Str+4 Dex+3}
   (You found it on level 6 of the Dungeon)

   Str:       It affects your strength (+4).
   Dex:       It affects your dexterity (+3).
   MP:        It affects your magic capacity (+9).
 y - a +0 helmet of intelligence (worn)
 A - a +0 pair of boots (worn)
Jewellery
 j - a ring of positive energy (left hand)
 r - a ring of flight (right hand)
Wands
 b - a wand of flame (14)
 x - a wand of mindburst (8)
Scrolls
 h - 2 scrolls of identify
 k - a scroll of fog
 n - 2 scrolls of enchant armour
 w - 4 scrolls of brand weapon
Potions
 d - 4 potions of might
 e - a potion of curing
 f - 2 potions of haste
 g - a potion of mutation {unknown}
 i - 2 potions of resistance
 l - a potion of berserk rage {unknown}
 m - 3 potions of attraction
 p - 2 potions of flight
 s - a potion of lignification {unknown}
 u - 2 potions of magic
 v - a potion of invisibility {unknown}
 z - 2 potions of cancellation {unknown}


   Skills:
 + Level 9.0 Fighting
 * Level 12.9 Axes
 - Level 3.2 Armour
 - Level 3.2 Shields


You had 8 spell levels left.
You didn't know any spells.
Your spell library contained the following spells:

 Spells                   Type           Power      Damage    Failure   Level
 Inner Flame              Hex/Fire       0%         N/A       97%         3
 Portal Projectile        Hex/Tloc       0%         N/A       97%         3
 Cause Fear               Hex            0%         N/A       100%        4
 Blade Hands              Tmut           0%         N/A       100%        5
 Discord                  Hex            0%         N/A       100%        8
 Tukima's Dance           Hex            Unusable   N/A       N/A         3

Dungeon Overview and Level Annotations

Branches:
Dungeon (7/15)             Temple (1/1) D:4           Sewer (visited)

Altars:
Ashenzari
Cheibriados
Dithmenos
Elyvilon
Fedhas
Hepliaklqana
Kikubaaqudgha
Nemelex Xobeh
Okawaru
Uskayaw
Vehumet
Wu Jian
Yredelemnul
Zin
Lugonu

Shops:
D:1 !   D:3 [


Message History

There is a stone staircase leading down, spattered with blood here.
You fly downwards.
You block the orc's attack. The two-headed ogre barely misses you.
The two-headed ogre hits you with a +0 giant club!
A gnoll comes into view. It is wielding a +0 spear.
The gnoll hits you but does no damage.
The sky beast hits you but does no damage.
You block the orc's attack.
There is a stone staircase leading up, spattered with blood here.
The two-headed ogre hits you with a +0 giant spiked club!!
The two-headed ogre hits you with a +0 giant club.
The gnoll hits you from afar with a +0 halberd.
The gnoll hits you but does no damage. The orc hits you but does no damage.
You block the sky beast's attack. The gnoll barely misses you.
The gnoll hits you from afar with a +0 spear.
You fly upwards.
There is a stone staircase leading down, spattered with blood here.
Okay, then.
You feel very mighty all of a sudden. The gnoll hits you but does no damage.
The two-headed ogre hits you with a +0 giant spiked club!
The two-headed ogre hits you but does no damage.
You slash the two-headed ogre!
The two-headed ogre is lightly wounded.
You slash the gnoll! The gnoll closely misses you.
The sky beast flickers out of sight!
Deactivating autopickup; reactivate with Ctrl-A.
You slash the two-headed ogre!
The two-headed ogre is moderately wounded.
You barely miss the gnoll.
The two-headed ogre hits you with a +0 giant spiked club!
* * * LOW HITPOINT WARNING * * *
The two-headed ogre hits you with a +0 giant club!
* * * LOW HITPOINT WARNING * * *
The gnoll closely misses you.
A sky beast appears from thin air!
Reactivating autopickup.
You slice the two-headed ogre!!
The two-headed ogre is severely wounded.
You barely miss the gnoll. The gnoll hits you with a +0 whip.
You die...

# #.#####.# #####.########.# #
#...#...# #.)))......# #.# #
###.#.### #.###.####.# #.#
#####.#.#####.##..#.##.# #.#
......#.......##..#.##.###.#
################.....#.....#
......#.......##.##.########
#####.#.#####.#####.# #
###.#.#####.##@##.# #
#...#....##.oOg##.# #
#.######.#####Y##.# ###.# ##.##
#.##.# #...#####...####.##.###
#.........#..[...##...#
..###.............#...###
).....#.#.#.......'.....#######
#.#.<.............#...#.......#


You could see a two-headed ogre, a sky beast, a gnoll and an orc.

Vanquished Creatures
  4 yaks (D:4)
  An ogre (D:4)
  A centaur (D:5)
  A phantom (D:3)
  A kobold brigand (D:6)
  3 bullfrogs
  3 scorpions (D:6)
  A necrophage (D:6)
  5 hounds
  2 jellies
  Crazy Yiuf (D:6)
  2 orc priests
  4 iguanas
  2 orc wizards (D:6)
  Robin (D:4)
  3 gnolls (D:4)
  15 adders
  2 river rats (Sewer)
  A white imp (D:6)
  3 ufetubi (D:6)
  3 worms
  2 dart slugs
  15 orcs
  14 ball pythons
  7 endoplasms
  4 giant cockroaches
  16 goblins
  8 hobgoblins
  5 jackals
  3 quokkas
  4 bats
  4 frilled lizards
  12 kobolds
  33 rats
186 creatures vanquished.

Vanquished Creatures (others)
  12 plants (D:4)
12 creatures vanquished.

Grand Total: 198 creatures vanquished

Notes
Turn   | Place    | Note
-------+----------+-------------------------------------------
     0 | D:1      | Jonnyslop the Hill Orc Fighter began the quest for the Orb.
     0 | D:1      | Reached XP level 1. HP: 19/19 MP: 1/1
    62 | D:1      | Reached skill level 3 in Axes
    66 | D:1      | Reached XP level 2. HP: 12/27 MP: 2/2
   709 | D:1      | Reached skill level 4 in Axes
   762 | D:1      | Found Anlynlut's Distillery.
   861 | D:1      | Reached XP level 3. HP: 30/33 MP: 3/3
  1706 | D:2      | Found a faded altar of an unknown god.
  1884 | D:2      | Reached skill level 5 in Axes
  1884 | D:2      | Reached XP level 4. HP: 40/41 MP: 4/4
  2465 | D:3      | Noticed a phantom
  2472 | D:3      | Killed a phantom
  2473 | D:3      | Reached skill level 5 in Fighting
  2473 | D:3      | Reached skill level 6 in Axes
  2473 | D:3      | Reached XP level 5. HP: 48/48 MP: 5/5
  2612 | D:3      | Found an ornate altar of the Wu Jian Council.
  2647 | D:3      | Found Wongoc's Antique Armour Shop.
  2883 | D:3      | Found a glowing drain.
  2933 | Sewer    | Entered a sewer
  2967 | Sewer    | Reached XP level 6. HP: 56/56 MP: 6/6
  3022 | Sewer    | Reached skill level 7 in Axes
  3534 | D:4      | Reached skill level 8 in Axes
  3546 | D:4      | Reached XP level 7. HP: 59/63 MP: 7/7
  3856 | D:4      | Found a transporter.
  3910 | D:4      | Found a staircase to the Ecumenical Temple.
  3943 | Temple   | Entered the Ecumenical Temple
  4054 | Temple   | Became a worshipper of Warmaster Okawaru
  4123 | D:4      | Noticed a yak
  4123 | D:4      | Noticed a yak
  4124 | D:4      | Noticed a yak
  4125 | D:4      | Noticed a yak
  4129 | D:4      | Killed a yak
  4131 | D:4      | Killed a yak
  4132 | D:4      | Reached skill level 9 in Axes
  4442 | D:4      | Killed a yak
  4443 | D:4      | Reached XP level 8. HP: 58/73 MP: 8/8
  4449 | D:4      | Killed a yak
  4449 | D:4      | Reached * piety under Okawaru
  4450 | D:4      | Reached skill level 10 in Axes
  4558 | D:4      | Found a transporter.
  4778 | D:4      | Found a hazy altar of Hepliaklqana.
  4889 | D:4      | Found a hide-covered altar of Uskayaw.
  5031 | D:4      | Noticed Robin
  5042 | D:4      | Killed Robin
  5083 | D:4      | Reached skill level 11 in Axes
  5128 | D:4      | Found a broken altar of Ashenzari.
  5553 | D:5      | Entered Level 5 of the Dungeon
  5630 | D:5      | Found a glowing silver altar of Zin.
  6458 | D:6      | Reached ** piety under Okawaru
  6558 | D:6      | Reached skill level 12 in Axes
  6558 | D:6      | Reached XP level 9. HP: 76/82 MP: 9/9
  7039 | D:6      | Identified the +1 scale mail "Hoick" {MP+9 Str+4 Dex+3}
  7187 | D:6      | Found a runed translucent door.
  7188 | D:6      | Noticed Crazy Yiuf
  7209 | D:6      | Killed Crazy Yiuf
  8116 | D:7      | Noticed a two-headed ogre
  8298 | D:6      | HP: 2/83 [two-headed ogre/+0 giant spiked club (11)]
  8299 | D:6      | Slain by a gnoll

Illustrated notes

Levels and vault maps discovered:
D:1:      dpeg_arrival_renting, layout_loops_cross, serial_shops,
          nicolae_shop_behind_doors, minmay_close_crescents
D:2:      layout_rooms, nicolae_ecumenical_oubliette, minmay_box_of_dots
D:3:      layout_basic, nicolae_wu_jian_glorious_leap, gup_sewer_entry_glass,
          serial_shops, shop
D:4:      gammafunk_wand_slinger, layout_loops_corners, lemuel_crystal_altar,
          nicolae_hepliaklqana_hazy_memory, mainiacjoe_overflow_alcove_4,
          temple_hall, kennysheep_generic_room_5, uniq_robin
D:5:      layout_basic, mainiacjoe_overflow_catwalk, roderic_cross_of_infinity
D:6:      layout_basic, serial_co_window_serial, co_window_corner_a,
          co_window_paths_a, co_window_paths_b, co_window_corner_a,
          co_window_of_opportunity_a, co_window_of_opportunity_b,
          co_window_2corner, co_window_broadway_c, co_window_4corner_a,
          glass_columns_a, glass_columns_b, glass_columns_c, glass_columns_a,
          glass_columns_c, uniq_crazy_yiuf_cottage
D:7:      layout_cave_pools, amcnicky_altar_gilded, serial_shops, shop_scrolls,
          shop, nicolae_take_the_stairs, uniq_duvessa
Temple:   kb_corrupted_temple

Skill      XL: |  1  2  3  4  5  6  7  8  9 |
---------------+----------------------------+-----
Axes           | 3 4 5 6 8 9 12 | 12.9
Fighting       | 4 5 6 7 8 9 |  9.0
Armour         | |  3.2
Shields        | |  3.2

Action                   |  1- 3 |  4- 6 |  7- 9 || total
-------------------------+-------+-------+-------++-------
Melee: War axe           |   111 |    85 |   157 ||   353
  Use: Scroll            |     2 |    13 |     3 ||    18
       Potion            |       |       |     2 ||     2
 Stab: Distracted        |       |       |     2 ||     2
Armor: Scale mail        |    47 |    29 |    47 ||   123
Dodge: Dodged            |    42 |    41 |    69 ||   152
Block: Buckler           |    16 |    13 |    39 ||    68
